 Dungeon Crawl Stone Soup version 0.30-a0-743-gbfdf073431 (webtiles) character file.

Game seed: 1229793125201840924

17038 lunkers the Fighter (level 13, -4/112 HPs)
             Began as a Meteoran Fighter on Feb 6, 2023.
             Was an Elder of Hepliaklqana.
             Slain by an orc warrior
             ... wielding a +0 long sword
              (7 damage)
             ... on level 2 of the Orcish Mines.
             The game lasted 00:20:04 (5120 turns).

lunkers the Fighter (Meteoran Fighter)              Turns: 5120, Time: 00:20:05

Health: -4/112     AC: 12    Str: 18    XL:     13   Next: 10%
Magic:  14/14      EV: 17    Int: 13    God:    Hepliaklqana [****..]
Gold:   887        SH:  5    Dex: 19    Spells: 12/12 levels left

rFire   + . .      SeeInvis .    a - +0 long sword (drain)
rCold   . . .      Faith    .    u - orb {light}
rNeg    . . .      Spirit   .    j - +3 ring mail {rF+}
rPois   .          Reflect  +    (no helmet)
rElec   .          Harm     .    y - +0 cloak
rCorr   .          Rampage  .    k - +1 pair of gloves
Will    +....                    (no boots)
Stlth   +                        p - amulet of reflection
HPRegen 0.38/turn                h - ring of Jeip {Fly Int+3 Slay+2}
MPRegen 0.14/turn                (no ring)

@: flying, glowing
A: reduced essence, sense surroundings 2, otherworldly, glowing, explore regen
a: Renounce Religion, Recall Ancestor, Ancestor Identity, Transference, Idealise


You were on level 2 of the Orcish Mines.
You worshipped Hepliaklqana.
Hepliaklqana was greatly pleased with you.
You visited 3 branches of the dungeon, and saw 16 of its levels.

You collected 887 gold pieces.

Inventory:

Hand Weapons
 a - a +0 long sword of draining (weapon)
 t - the +3 rapier "Imusotto" {pain, *Rage rN+++ SInv}
   (You found it on level 4 of the Dungeon)

   rN:        It renders you almost immune to negative energy.
   SInv:      It lets you see invisible.
   *Rage:     It berserks you when you make melee attacks (+20% chance).
Missiles
 f - 4 throwing nets
 A - 3 curare-tipped darts
Armour
 c - a +0 buckler
 j - a +3 ring mail of fire resistance (worn)
 k - a +1 pair of gloves (worn)
 u - an orb of light (worn)
 y - a +0 cloak (worn)
Jewellery
 d - an amulet of the acrobat
 h - the ring of Jeip (left hand) {Fly Int+3 Slay+2}
   (You found it on level 5 of the Dungeon)

   [ring of flight]

   Int:       It affects your intelligence (+3).
   Slay:      It affects your accuracy & damage with ranged weapons and melee
   (+2).
   Fly:       It grants you flight.
 l - a ring of fire
 p - an amulet of reflection (around neck)
 r - an amulet of magic regeneration
Wands
 i - a wand of paralysis (6)
 s - a wand of acid (1)
 D - a wand of flame (14)
Scrolls
 b - 3 scrolls of teleportation
 g - 2 scrolls of fear
 B - 4 scrolls of blinking
 C - 2 scrolls of enchant armour
 E - a scroll of silence
Potions
 e - 2 potions of heal wounds {unknown}
 m - 2 potions of degeneration {unknown}
 n - 3 potions of haste
 o - 4 potions of brilliance
 q - 7 potions of curing
 v - a potion of mutation {unknown}
 w - 2 potions of resistance
 x - 3 potions of lignification
 z - a potion of flight {unknown}


   Skills:
 + Level 14.6 Fighting
 - Level 14.0 Long Blades
 - Level 3.6 Armour
 - Level 10.0 Dodging
 - Level 3.6 Shields
 - Level 6.0 Evocations


You had 12 spell levels left.
You didn't know any spells.
Your spell library contained the following spells:

 Spells                   Type           Power      Damage    Failure   Level
 Blink                    Tloc           0%         N/A       63%         2
 Ensorcelled Hibernation  Hex/Ice        0%         N/A       63%         2
 Lesser Beckoning         Tloc           0%         N/A       63%         2
 Momentum Strike          Conj/Tloc      0%         3d8       63%         2
 Passwall                 Tmut/Erth      0%         N/A       63%         2
 Ignite Poison            Fire/Tmut/Pois 0%         N/A       85%         3
 Swiftness                Air            0%         N/A       85%         3
 Sticky Flame             Conj/Fire      0%         2d3       99%         4
 Ignition                 Fire           0%         3d3       100%        8


Dungeon Overview and Level Annotations

Branches:
Dungeon (13/15) Zot: 3231 Temple (1/1) D:5 Zot: 489 Orc (2/2) D:12 Zot: 842 Elf (0/3) Orc:2 Vaults (0/5) D:12 D:13 Lair: D:8-11

Altars:
Cheibriados
Elyvilon
Fedhas
Gozag
Hepliaklqana
Kikubaaqudgha
Makhleb
Qazlal
Ru
Sif Muna
Trog
Uskayaw
Vehumet
Wu Jian
Xom
Yredelemnul
The Shining One

Shops:
D:1 !(   D:7 ([   Orc:1 (

Annotations:
D:4 2 runed translucent doors
D:9 1 runed translucent door, hikkokomori's ghost, novice VSFi
D:10 exclusion: ice statue
D:11 1 runed translucent door, osoart's ghost, journeyman AtFi
D:13 Urug


Innate Abilities, Weirdness & Mutations

Your life essence is reduced to manifest your ancestor. (-10% HP)
You passively map the area around you.
You are easily found by Zot.
You glow in the dark.
You regain HP and MP as you explore.


Message History

An orc comes into view. It is wielding a +0 whip.
The orc warrior hits you with a +0 long sword.
* * * LOW HITPOINT WARNING * * *
An orc warrior comes into view.
It is wielding a +0 battleaxe of freezing.
The orc priest mumbles some strange prayers to Beogh against you.
Beogh smites you!
* * * LOW HITPOINT WARNING * * *
The orc priest invokes the aid of Beogh against you.
Beogh smites you!
* * * LOW HITPOINT WARNING * * *
Things that are here:
a +0 club; a +0 leather armour; an orc corpse The orc warrior attacks as you move away!
The orc warrior hits you with a +0 long sword.
* * * LOW HITPOINT WARNING * * *
The orc priest attacks as you move away!
The orc priest barely misses you.
The orc priest mumbles some strange prayers to Beogh against you.
Beogh smites you!
* * * LOW HITPOINT WARNING * * *
Things that are here:
a +0 dagger; a +0 leather armour; an orc corpse The orc warrior attacks as you move away!
The orc warrior hits you but does no damage.
The orc priest looks encouraged for a moment.
The orc priest calls down the wrath of Beogh upon you.
Beogh smites you!
* * * LOW HITPOINT WARNING * * *
Things that are here:
a +0 dagger; a +0 ring mail Hit: a) +0 long sword (drain)
Press: ? - help, Dir - move target, f - orc warrior, p - orc warrior
Aim: an orc warrior, wielding a +0 long sword and wearing a +0 chain mail (heavily wounded, heavily drained, haloed, about 17% to evade your +0 long sword of draining)
Okay, then.
The orc warrior attacks as you move away!
You block the orc warrior's attack.
The orc priest looks braver for a moment.
The orc warrior attacks as you move away!
The orc warrior hits you with a +0 long sword!
You die...

* ,...........))
,, ,
.........oo#,* ,*
* ........)).#, ,
, ,, .......o)o.#
,,,, , ,
.......o.o.# * ,
*, ....$..)o..# *
*, , * * ,
......oo)..# * **
, ,, ......)o)###
, $......@##
#........#*## * *
.........##.##
#..#.........#
###.......#.## #
##..#...##..##
####
#.......##...#
##.#.
##..##..#....##
#..<. ###
#........##*#..#+#


You could see 3 orc warriors, 4 orc priests and 3 orcs.

Vanquished Creatures
  Snorg (D:12)
  A boulder beetle (D:12)
  3 two-headed ogres
  An orc high priest (Orc:2)
  A deep elf pyromancer (D:10)
  A cyclops (D:12)
  Joseph (D:8)
  An unseen horror (D:12)
  A kobold demonologist (D:12)
  A polar bear (shapeshifter) (D:10)
  4 trolls
  A hornet (D:8)
  2 shadows (D:11)
  7 humans (D:12)
  A vampire (D:7)
  A wyvern (D:10)
  3 yaks
  6 vampire mosquitoes
  Menkaure (D:7)
  4 wargs
  A water moccasin (D:5)
  6 orc warriors
  12 ice beasts
  2 centaurs
  3 ogres
  2 phantoms (D:6)
  4 kobold brigands
  3 bullfrogs
  4 scorpions
  6 wights
  2 killer bees (D:9)
  4 howler monkeys
  3 electric eels (D:10)
  2 hounds
  18 orc priests
  4 iguanas
  Natasha (D:3)
  9 orc wizards
  10 gnolls
  A white imp (D:5)
  2 ufetubi
  A worm (D:2)
  3 dart slugs
  43 orcs
  9 endoplasms
  4 giant cockroaches
  3 goblins
  6 hobgoblins
  10 jackals
  6 quokkas
  4 ball pythons
  A bat (D:1)
  2 frilled lizards (D:1)
  19 kobolds
  6 rats
258 creatures vanquished.

Vanquished Creatures (collateral kills)
  A cyclops (D:12)
  An unseen horror (D:10)
  A kobold demonologist (D:11)
  A troll (D:11)
  A shadow (D:11)
  A vampire (D:10)
  A yak (D:9)
  2 vampire mosquitoes
  An ice beast (D:10)
  An orc warrior (D:12)
  A centaur (D:10)
  A necrophage (D:7)
  2 wights
  A killer bee (D:9)
  4 electric eels (D:10)
  An orc priest (D:12)
  An orc wizard (D:11)
  2 gnolls (D:7)
  7 orcs
  6 kobolds
37 creatures vanquished.

Vanquished Creatures (others)
  3 ancestors
  A knight (D:10)
  A fungus (D:11)
  4 plants (D:11)
9 creatures vanquished.

Grand Total: 304 creatures vanquished

Notes
Turn   | Place    | Note
-------+----------+-------------------------------------------
     0 | D:1      | lunkers the Meteoran Fighter began the quest for the Orb.
     0 | D:1      | Reached XP level 1. HP: 19/19 MP: 2/2
    41 | D:1      | Reached XP level 2. HP: 21/26 MP: 3/3
   108 | D:1      | Reached XP level 3. HP: 31/31 MP: 4/4
   196 | D:1      | Found Painof's Distillery.
   205 | D:1      | Found Roppo's Antique Weapon Boutique.
   330 | D:2      | Reached XP level 4. HP: 38/38 MP: 5/5
   504 | D:3      | Reached skill level 5 in Long Blades
   563 | D:3      | Noticed Natasha
   573 | D:3      | Killed Natasha
   574 | D:3      | Reached XP level 5. HP: 30/45 MP: 6/6
   639 | D:4      | Found a large runed translucent door.
   639 | D:4      | Found a large runed translucent door.
   723 | D:4      | Noticed a bullfrog
   723 | D:4      | Noticed an ice beast
   733 | D:4      | Noticed an ice beast
   746 | D:4      | Killed an ice beast
   747 | D:4      | Reached XP level 6. HP: 21/51 MP: 7/7
   769 | D:4      | Noticed an orc warrior
   777 | D:4      | Killed an orc warrior
   778 | D:4      | Reached XP level 7. HP: 21/57 MP: 1/8
   822 | D:4      | Found a large runed translucent door.
   822 | D:4      | Found a large runed translucent door.
   920 | D:4      | Found a white marble altar of Elyvilon.
   964 | D:4      | Reached XP level 8. HP: 50/63 MP: 9/9
   974 | D:4      | Reached skill level 10 in Long Blades
   980 | D:4      | Identified the +3 rapier "Imusotto" {pain, *Rage rN+++
                  | SInv}
  1137 | D:5      | Entered Level 5 of the Dungeon
  1179 | D:5      | Found a staircase to the Ecumenical Temple.
  1191 | D:5      | Found a burning altar of Makhleb.
  1197 | Temple   | Entered the Ecumenical Temple
  1294 | Temple   | Became a worshipper of Hepliaklqana the Forgotten
  1330 | D:5      | Found a basalt altar of Yredelemnul.
  1341 | D:5      | Reached skill level 5 in Fighting
  1455 | D:5      | Found an ancient bone altar of Kikubaaqudgha.
  1502 | D:5      | Identified the ring of Jeip {Fly Int+3 Slay+2}
  1603 | D:5      | Gained mutation: You passively map the area around you.
                  | [Meteoran growth]
  1603 | D:5      | Reached XP level 9. HP: 74/78 MP: 10/10
  1812 | D:6      | Noticed a troll
  1822 | D:6      | Killed a troll
  1988 | D:6      | Reached * piety under Hepliaklqana
  2093 | D:6      | Reached skill level 1 in Evocations
  2139 | D:7      | Reached skill level 1 in Dodging
  2167 | D:7      | Found Wont's Weapon Shoppe.
  2181 | D:7      | Found Dokob's Armour Boutique.
  2219 | D:7      | Noticed Menkaure
  2227 | D:7      | Reached XP level 10. HP: 47/83 MP: 11/11
  2308 | D:7      | Reached skill level 10 in Fighting
  2309 | D:7      | Killed Menkaure
  2555 | D:8      | Noticed Joseph
  2561 | D:8      | Killed Joseph
  2562 | D:8      | Reached skill level 5 in Evocations
  2641 | D:8      | Found a bloodstained altar of Trog.
  2695 | D:8      | Found an opulent altar of Gozag.
  2843 | D:9      | Reached ** piety under Hepliaklqana
  2849 | D:9      | Remembered your ancestor Si-Tayit as a knight
  2875 | D:9      | Reached XP level 11. HP: 27/90 MP: 12/12
  3084 | D:9      | Noticed hikkokomori's ghost (novice VSFi)
  3088 | D:9      | Found a runed translucent door.
  3267 | D:9      | Found an ornate altar of the Wu Jian Council.
  3274 | D:10     | Entered Level 10 of the Dungeon
  3274 | D:10     | Noticed a two-headed ogre
  3274 | D:10     | Noticed a two-headed ogre
  3287 | D:9      | Killed a two-headed ogre
  3288 | D:9      | Reached skill level 5 in Dodging
  3363 | D:10     | Killed a two-headed ogre
  3579 | D:10     | Noticed an ice statue
  3658 | D:10     | Noticed a deep elf pyromancer
  3675 | D:10     | Killed a deep elf pyromancer
  3914 | D:11     | Noticed a boulder beetle
  3929 | D:11     | Reached *** piety under Hepliaklqana
  3933 | D:11     | Found a stormy altar of Qazlal.
  4066 | D:11     | Found a runed translucent door.
  4067 | D:11     | Noticed osoart's ghost (journeyman AtFi)
  4069 | D:11     | Noticed a spriggan rider
  4073 | D:11     | Identified the +3 trident of Guredame {freeze, rElec Will+
                  | rCorr Dex+4}
  4156 | D:11     | Reached XP level 12. HP: 96/100 MP: 13/13
  4268 | D:12     | Noticed Snorg
  4279 | D:12     | Killed Snorg
  4305 | D:12     | Noticed a two-headed ogre
  4315 | D:12     | Killed a two-headed ogre
  4350 | D:12     | Found a staircase to the Orcish Mines.
  4522 | D:12     | Killed a boulder beetle
  4579 | D:12     | Noticed a sixfirhy
  4580 | D:12     | Reached skill level 10 in Dodging
  4664 | D:13     | Noticed a centaur warrior
  4664 | D:13     | Noticed a centaur warrior
  4664 | D:13     | Noticed a two-headed ogre
  4664 | D:13     | Noticed Urug
  4664 | D:13     | Noticed a centaur warrior
  4664 | D:13     | Found a gate to the Vaults.
  4733 | Orc:1    | Entered Level 1 of the Orcish Mines
  4748 | Orc:1    | Found Akkexiup's Antique Weapon Shop.
  4821 | Orc:2    | Entered Level 2 of the Orcish Mines
  4858 | Orc:2    | Found a staircase to the Elven Halls.
  4884 | Orc:2    | Noticed an orc high priest
  4899 | Orc:2    | Noticed a sixfirhy
  4901 | Orc:2    | Reached XP level 13. HP: 79/111 MP: 14/14
  4923 | Orc:2    | Reached **** piety under Hepliaklqana
  5118 | Orc:2    | HP: 3/112 [orc priest/divine providence (14)]
  5120 | Orc:2    | Slain by an orc warrior

Illustrated notes

Levels and vault maps discovered:
D:1:      minmay_arrival_three_doors, layout_rooms, serial_shops, shop, shop,
          nicolae_shop_trees, shop
D:2:      layout_basic, uniq_sigmund, uniq_jessica
D:3:      layout_rooms, uniq_natasha
D:4:      layout_cave_pools, lemuel_crystal_altar, minivault_4,
          minmay_hollow_rounded_squares
D:5:      layout_loops_ring, bloody_makhleb, yredelemnul_altar_generic,
          amcnicky_altar_gilded, minitemple, minmay_temple_entry_purple_smoke,
          ebering_ghost_sewer_d
D:6:      layout_gridville, uniq_eustachio
D:7:      layout_rooms, mainiacjoe_overflow_24_doors, serial_shops, shop_statue,
          nicolae_stop_n_shop_2, corner_web_ring, uniq_menkaure
D:8:      layout_loops_cross, nicolae_gozag_cash_rules_everything_around_me,
          mainiacjoe_overflow_small_starburst, kennysheep_little_box,
          uniq_joseph
D:9:      layout_loops_ring, general_overflow_altar, david_lair_shrubbed,
          hellmonk_ghost_happy_afterlife
D:10:     minmay_twisted_water, layout_cave_pools, minivault_20,
          minmay_misc_feat_tower
D:11:     lemuel_ice_spiral_2, layout_stronghold, ebering_ghost_funeral_grove,
          grunt_qazlal_clouds
D:12:     layout_rooms, orc_0_dummy, nicolae_kite_square_tiling_tiny, uniq_snorg
D:13:     wad_bat_island, layout_irregular_city, david_vaults_3,
          minmay_splitting_lines
Temple:   hellmonk_temple_beads
Orc:1:    layout_caves, serial_shops, shop
Orc:2:    st_orc_pillars, layout_diamond_mine, serial_shops,
          nicolae_shop_behind_doors

Skill      XL: |  1  2  3  4  5  6  7  8  9 10 11 12 |
---------------+-------------------------------------+-----
Long Blades    | 3 4 5 6 8 9 10 12 14 | 14.0
Fighting       | 6 9 10 11 14 | 14.6
Evocations     | 2 6 |  6.0
Dodging        | 1 4 7 10 | 10.0
Armour         | |  3.6
Shields        | |  3.6

Action                     |  1- 3 |  4- 6 |  7- 9 | 10-12 | 13-15 || total
---------------------------+-------+-------+-------+-------+-------++-------
  Melee: Long sword        |    76 |    79 |   215 |   396 |    52 ||   818
 Invoke: Ancestor Life: Kn |       |       |       |     1 |       ||     1
  Evoke: Wand              |       |       |       |    13 |     1 ||    14
    Use: Scroll            |       |     3 |     3 |     4 |       ||    10
         Potion            |       |     1 |     1 |     4 |       ||     6
 Armour: Scale mail        |    40 |    31 |    16 |       |       ||    87
         Ring mail         |       |       |    79 |   164 |    11 ||   254
  Dodge: Dodged            |    30 |    22 |    70 |   215 |    35 ||   372
  Block: Buckler           |    21 |    28 |    38 |       |       ||    87
         Orb               |       |       |    39 |   107 |    13 ||   159
         Reflection        |       |       |     1 |     6 |       ||     7

Table legend: (Time is in decaauts)
 A = Elapsed time spent in this place.
 B = Non-inter-level travel time spent in this place.
 C = Inter-level travel time spent in this place.
 D = Time resting spent in this place.
 E = Time spent auto-exploring this place.
 F = Levels seen in this place.
 G = Mean time per level.
                   A        B        C        D        E       F      G
               +--------+--------+--------+--------+--------+-----+--------+
         Total |   5037 |   4778 |    259 |      0 |   2907 |  16 |  314.8 |
       Dungeon |   4568 |   4311 |    257 |      0 |   2611 |  13 |  351.4 |
        Temple |    110 |    108 |      2 |      0 |     83 |   1 |  110.0 |
  Orcish Mines |    357 |    357 |      0 |      0 |    213 |   2 |  178.5 |
               +--------+--------+--------+--------+--------+-----+--------+

Top non-repeatable levels by time:
     D:5: 540 daAuts
    D:10: 540 daAuts
     D:4: 499 daAuts
     D:6: 474 daAuts
    D:12: 466 daAuts
     D:9: 453 daAuts
    D:11: 359 daAuts
     D:8: 292 daAuts
   Orc:2: 270 daAuts
     D:7: 270 daAuts
     D:1: 248 daAuts
     D:2: 219 daAuts
     D:3: 200 daAuts
  Temple: 110 daAuts
   Orc:1: 86 daAuts
